 Dungeon Crawl Stone Soup version 0.29-a0-284-gf9362112df (webtiles) character file.

Game seed: 3399416309131306431

6315 rabbitsville the Frost Mage (level 10, -3/63 HPs)
             Began as a Merfolk Ice Elementalist on Mar 27, 2022.
             Was a Believer of Lugonu.
             Shot with an arrow by something (6 damage)
             ... on level 8 of the Dungeon.
             The game lasted 00:46:07 (12125 turns).

rabbitsville the Frost Mage (MfIE)                 Turns: 12125, Time: 00:46:08

Health: -3/63      AC:  8    Str:  8    XL:     10   Next: 95%
Magic:  13/22      EV: 12    Int: 19    God:    Lugonu [**....]
Gold:   470        SH:  0    Dex: 15    Spells: 15/26 levels left

rFire   + . .      SeeInvis .   l - +7 halberd
rCold   + . .      Faith    .   (shield currently unavailable)
rNeg    . . .      Spirit   .   c - +2 leather armour {rF+}
rPois   .          Reflect  .   t - +0 helmet
rElec   .          Harm     .   D - +0 cloak
rCorr   .          Rampage  .   A - +0 pair of gloves
Will    .....                   (no boots)
Stlth   ++........              (no amulet)
HPRegen 0.20/turn               x - ring of ice
MPRegen 0.18/turn               o - ring of protection from fire

@: brilliant, on berserk cooldown, slowed, very slow
A: (nimble swimmer 2), mertail
a: Renounce Religion, Depart the Abyss, Bend Space


You were on level 8 of the Dungeon.
You worshipped Lugonu.
Lugonu was pleased with you.
You visited 1 branch of the dungeon, and saw 8 of its levels.
You visited the Abyss 1 time.

You collected 470 gold pieces.

Inventory:

Hand Weapons
 l - a +7 halberd (weapon)
 n - a +5 battleaxe
 F - a +5 falchion
Armour
 a - a +0 robe
 c - a +2 leather armour of fire resistance (worn)
 t - a +0 helmet (worn)
 A - a +0 pair of gloves (worn)
 D - a +0 cloak (worn)
Jewellery
 o - a ring of protection from fire (right hand)
 x - a ring of ice (left hand)
Wands
 v - a wand of iceblast (4)
 y - a wand of paralysis (6)
 C - a wand of polymorph (16)
Scrolls
 e - 2 scrolls of enchant weapon {unknown}
 f - 5 scrolls of identify {unknown}
 g - a scroll of holy word {unknown}
 h - 3 scrolls of fog {unknown}
 j - a scroll of immolation {unknown}
 k - 6 scrolls of teleportation {unknown}
 r - a scroll of blinking {unknown}
 u - a scroll of enchant armour {unknown}
 z - a scroll of magic mapping {unknown}
Potions
 b - a potion of magic
 d - 2 potions of curing
 m - a potion of berserk rage
 q - a potion of cancellation {unknown}
 s - a potion of brilliance
 w - a potion of attraction {unknown}
 B - a potion of mutation {unknown}


   Skills:
 - Level 1.2(1.7) Axes
 + Level 2.7(3.1) Polearms
 - Level 2.6 Dodging
 - Level 2.1 Stealth
 + Level 8.8 Spellcasting
 + Level 2.3 Conjurations
 - Level 14.1 Ice Magic


You had 15 spell levels left.
You knew the following spells:

 Your Spells              Type           Power      Damage    Failure   Level
a - Freeze                Ice            100%       1d11      1%          1
b - Frozen Ramparts       Ice            100%       1d12      1%          3
c - Ozocubu's Armour      Ice            96%        N/A       1%          3
d - Hailstorm             Conj/Ice       74%        3d15      4%          4

Your spell library contained the following spells:

 Spells                   Type           Power      Damage    Failure   Level
 Shock                    Conj/Air       76%        1d7       8%          1
 Apportation              Tloc           24%        N/A       12%         1
 Swiftness                Air            12%        N/A       36%         3
 Airstrike                Air            6%         N/A       77%         4
 Fireball                 Conj/Fire      9%         3d6       91%         5
 Alistair's Intoxication  Tmut/Pois      8%         N/A       98%         5
 Starburst                Conj/Fire      9%         6d5       100%        6
 Malign Gateway           Summ/Tloc      6%         N/A       100%        7
 Ignition                 Fire           6%         3d4       100%        8
 Summon Horrible Things   Summ           6%         N/A       100%        8


Dungeon Overview and Level Annotations

Branches:
Dungeon (8/15)             Temple (0/1) D:5
   Lair: D:8-11

Altars:
Makhleb
Nemelex Xobeh
Sif Muna
Trog
The Shining One
Lugonu

Shops:
D:1 (   D:3 (

Portals:
Abyss: D:4

Annotations:
D:5 exclusion: ice beast
D:8 Maurice


Innate Abilities, Weirdness & Mutations

((You are very nimble when in or above water. (Stealth+, EV+, Speed+++)))
Your lower body shifts to a powerful aquatic tail in water.


Message History

You hear a zap.
A puff of flame appears from out of thin air!
The puff of flame hits you. You resist.
* * * LOW HITPOINT WARNING * * *
The wall freezes something.
Your frozen ramparts will break if you move.
Continue?
Okay, then.
Reach: l) +7 halberd
Press: ? - help, Dir - move target You closely miss something.
The wall freezes something.
Something hits you!
* * * LOW HITPOINT WARNING * * *
Something steals 1 of your 2 glowing white potions!
The wall freezes something.
Something drops a +0 cloak.
Something picks up a +0 robe.
Reach: l) +7 halberd
Press: ? - help, Dir - move target You closely miss something.
The wall freezes something!
You hear some strange, mumbled words.
The wall freezes something.
You hear a zap.
A puff of flame appears from out of thin air!
The puff of flame hits you. You resist.
* * * LOW HITPOINT WARNING * * *
It was a potion of brilliance.
You feel clever all of a sudden.
The wall freezes something.
You hear a zap.
A puff of flame appears from out of thin air!
The puff of flame misses you.
Aiming: Freeze (safe; 1% risk of failure)
Press: ? - help, Q - select action, (/) - cycle Shift-Dir - straight line You feel a strong surge of power!
You freeze something!
The frozen ramparts melt away.
Something hits you.
* * * LOW HITPOINT WARNING * * *
Something steals your ring of protection from cold!
You hear some strange, mumbled words.
You start resting.
You hear a twanging sound.
An arrow appears from out of thin air!
The arrow hits you.
You die...

...# #..... #..... ..
#.!...## ..# ......#
...##.....#######
..... #....#)..##
...... ##..).....###
......##....ยง@##...#
#....)#.##.####...##
#....)))...## ##...#
#...........# #...##
#...........###..##
..........##......#
.........###......#
.#........ ##.....#
#####...# ##...##


There were no monsters in sight!

Vanquished Creatures
  4 centaur zombies (D:7)
  2 centaur skeletons (D:7)
  2 hellwings (D:7)
  Grinder (D:6)
  Menkaure (D:6)
  3 water moccasins
  2 black bears
  An orc warrior (D:7)
  A sky beast (D:6)
  An ogre (D:6)
  2 centaurs (D:8)
  A phantom (D:5)
  3 necrophages
  10 bullfrogs
  4 scorpions
  14 wights
  A howler monkey (D:6)
  A quasit (Abyss:1)
  3 jellies
  4 hounds
  6 orc priests
  Ijyb (D:4)
  2 iguanas
  6 orc wizards
  Robin (D:2)
  6 adders
  2 shadow imps (D:7)
  2 white imps
  An ufetubus (D:5)
  A worm (D:4)
  3 dart slugs
  22 orcs
  3 endoplasms
  3 giant cockroaches
  11 goblins
  4 hobgoblins
  2 quokkas
  9 ball pythons
  9 bats
  3 frilled lizards
  9 kobolds
  7 rats
  A lurking horror (D:4)
175 creatures vanquished.

Vanquished Creatures (others)
  An orc wizard (D:8)
  41 fungi (D:8)
  2 lurking horrors (D:4)
  37 plants (D:8)
  6 withered plants (D:7)
87 creatures vanquished.

Grand Total: 262 creatures vanquished

Notes
Turn   | Place    | Note
-------+----------+-------------------------------------------
     0 | D:1      | rabbitsville the Merfolk Ice Elementalist began the quest
                  | for the Orb.
     0 | D:1      | Reached XP level 1. HP: 13/13 MP: 3/3
   310 | D:1      | Found Bufochipn's Weapon Shop.
   329 | D:1      | Reached XP level 2. HP: 10/19 MP: 1/5
  1006 | D:1      | Reached skill level 5 in Ice Magic
  1302 | D:2      | Reached XP level 3. HP: 23/24 MP: 3/6
  2227 | D:3      | Reached XP level 4. HP: 28/30 MP: 8/8
  2275 | D:3      | Found a faded altar of an unknown god.
  2348 | D:3      | Found a shimmering blue altar of Sif Muna.
  2359 | D:3      | Learned a level 3 spell: Frozen Ramparts
  2366 | D:3      | Learned a level 3 spell: Ozocubu's Armour
  2735 | D:3      | Noticed a black bear
  2844 | D:3      | Killed a black bear
  2845 | D:3      | Reached skill level 6 in Ice Magic
  2845 | D:3      | Reached XP level 5. HP: 19/35 MP: 0/9
  3252 | D:3      | Found Roacinus's Weapon Shop.
  3555 | D:2      | Noticed Robin
  3880 | D:2      | Killed Robin
  4272 | D:4      | Reached skill level 7 in Ice Magic
  4272 | D:4      | Reached XP level 6. HP: 38/41 MP: 7/11
  4471 | D:4      | Found a one-way gate to the infinite horrors of the Abyss.
  4471 | D:4      | Found a corrupted altar of Lugonu.
  4713 | D:4      | Noticed Ijyb
  4718 | D:4      | Killed Ijyb
  4903 | D:4      | Became a worshipper of Lugonu the Unformed
  4903 | D:4      | Reached * piety under Lugonu
  5233 | D:4      | Found a burning altar of Makhleb.
  5595 | D:4      | Voluntarily entered the Abyss.
  5700 | Abyss:1  | Noticed a large abomination
  5700 | Abyss:1  | Noticed a green death
  5701 | D:4      | Escaped the Abyss
  5733 | D:5      | Entered Level 5 of the Dungeon
  6214 | D:5      | Found a staircase to the Ecumenical Temple.
  6286 | D:5      | Reached XP level 7. HP: 46/46 MP: 10/13
  6297 | D:5      | Reached skill level 8 in Ice Magic
  6872 | D:5      | Found a glowing golden altar of the Shining One.
  7175 | D:6      | Reached skill level 9 in Ice Magic
  7175 | D:6      | Reached XP level 8. HP: 52/52 MP: 6/15
  7255 | D:6      | Reached skill level 5 in Spellcasting
  7391 | D:6      | Noticed Menkaure
  7395 | D:6      | Killed Menkaure
  7478 | D:6      | Noticed Grinder
  7502 | D:6      | Killed Grinder
  7503 | D:6      | Reached skill level 10 in Ice Magic
  8520 | D:7      | Reached XP level 9. HP: 57/57 MP: 11/18
  8523 | D:7      | Reached skill level 11 in Ice Magic
  9078 | D:7      | Reached skill level 12 in Ice Magic
  9341 | D:7      | Noticed a hellwing
  9352 | D:7      | Killed a hellwing
  9374 | D:7      | Reached skill level 13 in Ice Magic
  9374 | D:7      | Reached XP level 10. HP: 24/63 MP: 13/21
 10369 | D:7      | Reached skill level 14 in Ice Magic
 10589 | D:7      | Found a sparkling altar of Nemelex Xobeh.
 10855 | D:7      | Reached ** piety under Lugonu
 11067 | D:7      | Found a bloodstained altar of Trog.
 11386 | D:8      | Reached skill level 1 in Conjurations
 11457 | D:8      | Reached skill level 1 in Axes
 11477 | D:8      | HP: 3/79 [wight/+3 war axe (3)]
 11965 | D:8      | Reached skill level 1 in Polearms
 12080 | D:8      | Learned a level 4 spell: Hailstorm
 12091 | D:8      | Noticed Maurice
 12122 | D:8      | HP: 3/63 [something/puff of flame (3)]
 12125 | D:8      | Shot with an arrow by something

Illustrated notes

Levels and vault maps discovered:
D:1:      dpeg_arrival_boxes_within_box, layout_loops_ring, serial_shops,
          nicolae_shop_bloodbath_and_beyond, chequers_jeans,
          minmay_misc_feat_plants
D:2:      layout_rooms, grunt_decor_mini_mirrors, minmay_worlds_worst_comb,
          uniq_robin
D:3:      layout_basic, old_standard_altar, serial_shops,
          nicolae_lakefront_shop, ebering_ecumenical_altar_sacrificial,
          hex_medium, minmay_vboxes
D:4:      layout_loops_corners, overflow_temple_1_default,
          kennysheep_minor_cross, amcnicky_altar_lugonu_corruption, uniq_ijyb
D:5:      layout_basic, mainiacjoe_overflow_small_starburst,
          minmay_temple_entry_nine_rooms
D:6:      layout_loops_ring, uniq_menkaure, uniq_grinder
D:7:      cheibrodos_grave_circle, layout_loops_corners,
          mainiacjoe_overflow_alcove_4, nemelex_spade_bored_becter,
          chequers_serial_rivers_room_b
D:8:      layout_cave_pools, due_lair_maze_entry_diamond, due_unseen_surprise,
          uniq_maurice

Skill      XL: |  1  2  3  4  5  6  7  8  9 10 |
---------------+-------------------------------+-----
Ice Magic      | 5 6 7 9 10 13 14 | 14.1
Spellcasting   | 3 4 6 7 8 |  8.8
Conjurations   | 2 |  2.3
Axes           | 1 |  1.2
Polearms       | 2 |  2.7
Dodging        | |  2.6
Stealth        | |  2.1

Action                   |  1- 3 |  4- 6 |  7- 9 | 10-12 || total
-------------------------+-------+-------+-------+-------++-------
Melee: Short sword       |    40 |       |       |       ||    40
       War axe           |    11 |    71 |    44 |       ||   126
       Punch             |       |     1 |     3 |       ||     4
       Falchion          |       |       |    70 |     4 ||    74
       Dagger            |       |       |    23 |       ||    23
       Battleaxe         |       |       |       |    88 ||    88
       Halberd           |       |       |       |    28 ||    28
 Cast: Freeze            |    28 |     5 |    11 |     1 ||    45
       Frozen Ramparts   |       |    21 |    33 |    24 ||    78
       Ozocubu's Armour  |       |     5 |     5 |     4 ||    14
Invok: Depart the Abyss  |       |     1 |       |       ||     1
  Use: Potion            |       |       |     7 |     8 ||    15
 Stab: Sleeping          |     5 |     1 |       |       ||     6
Armor: Robe              |    22 |    29 |    44 |    70 ||   165
       Skin              |       |       |    75 |     2 ||    77
       Leather armour    |       |       |       |    39 ||    39
Dodge: Dodged            |    44 |    64 |    73 |   129 ||   310

Table legend: (Time is in decaauts)
 A = Elapsed time spent in this place.
 B = Non-inter-level travel time spent in this place.
 C = Inter-level travel time spent in this place.
 D = Time resting spent in this place.
 E = Time spent auto-exploring this place.
 F = Levels seen in this place.
 G = Mean time per level.
                   A        B        C        D        E       F      G
               +--------+--------+--------+--------+--------+-----+--------+
         Total |  12270 |  12012 |    258 |   2831 |   6201 |   9 | 1363.3 |
       Dungeon |  12164 |  11906 |    258 |   2810 |   6201 |   8 | 1520.5 |
         Abyss |    106 |    106 |      0 |     21 |      0 |   1 |  106.0 |
               +--------+--------+--------+--------+--------+-----+--------+

Top non-repeatable levels by time:
     D:7: 3101 daAuts
     D:4: 1628 daAuts
     D:1: 1525 daAuts
     D:3: 1467 daAuts
     D:5: 1330 daAuts
     D:6: 1240 daAuts
     D:2: 1037 daAuts
     D:8: 833 daAuts
 Abyss:1: 106 daAuts
